 Dungeon Crawl Stone Soup version 0.24-a0-441-g27f0392e16 (webtiles) character file.

Game seed: 16519025479481539358

233 Peloso the Covered (level 5, -4/47 HPs)
             Began as a Minotaur Fighter on June 19, 2019.
             Slain by an ogre
             ... wielding a +0 giant spiked club
              (28 damage)
             ... on level 4 of the Dungeon.
             The game lasted 00:04:24 (2362 turns).

Peloso the Covered (Minotaur Fighter)               Turns: 2362, Time: 00:04:24

Health: -4/47      AC: 11    Str: 20    XL:     5   Next: 75%
Magic:  4/4        EV:  5    Int:  5    God:
Gold:   198        SH:  9    Dex: 11    Spells: 4/4 levels left

rFire    . . .     SeeInvis .   a - +0 long sword
rCold    . . .     Gourm    .   c - +0 shield
rNeg     . . .     Faith    .   i - +0 chain mail
rPois    .         Spirit   .   (helmet restricted)
rElec    .         Reflect  .   v - +0 cloak
rCorr    .         Harm     .   (no gloves)
MR       .....                  (no boots)
Stlth    ..........             (no amulet)
HPRegen  0.15/turn              (no ring)
MPRegen  0.09/turn              (no ring)

@: no status effects
A: retaliatory headbutt, horns 2
a: no special abilities


You were on level 4 of the Dungeon.
You were not hungry.

You visited 1 branch of the dungeon, and saw 4 of its levels.

You collected 198 gold pieces.

Inventory:

Hand Weapons
 a - a +0 long sword (weapon)
Armour
 b - a +0 scale mail
 c - a +0 shield (worn)
 i - a +0 chain mail (worn)
 v - a +0 cloak (worn)
Scrolls
 e - a scroll of amnesia {unknown}
 g - a scroll of immolation {unknown}
 k - 3 scrolls of enchant armour {unknown}
 n - 3 scrolls of identify {unknown}
 r - a scroll of teleportation {unknown}
 s - a scroll of remove curse {unknown}
Potions
 d - 3 potions of might
 h - a potion of haste {unknown}
 j - a potion of curing {unknown}
 l - a potion of degeneration {unknown}
 m - 2 potions of ambrosia {unknown}
 o - 2 potions of brilliance {unknown}
 p - 2 potions of heal wounds {unknown}
 q - a potion of mutation {unknown}
 t - a potion of flight {unknown}
 u - a potion of cancellation {unknown}
Comestibles
 f - 7 rations


   Skills:
 + Level 4.8 Fighting
 + Level 4.2 Long Blades
 + Level 5.2 Armour
 + Level 0.6 Dodging
 + Level 4.8 Shields


You had 4 spell levels left.
You didn't know any spells.
Your spell library was empty.

Dungeon Overview and Level Annotations

Branches:
Dungeon (4/15)
 Temple: D:4-7

Altars:
Dithmenos
Nemelex Xobeh
Zin


Innate Abilities, Weirdness & Mutations

You reflexively headbutt those who attack you in melee.
You have a pair of horns on your head.


Message History

The ogre hits you with a +0 giant spiked club.
You block the jackal's attack.
You hit the ogre.
The ogre is moderately wounded.
The ogre hits you with a +0 giant spiked club!
You block the jackal's attack.
The jackal bites you but does no damage.
You slash the ogre! Your headbutt misses the ogre.
The ogre is severely wounded.
The ogre barely misses you.
You riposte.
Your shield and chain mail prevent you from hitting the ogre.
The ogre is severely wounded.
You block the jackal's attack.
The jackal bites you but does no damage.
You completely miss the ogre. You headbutt the ogre!
The ogre is almost dead.
You block the jackal's attack.
The ogre hits you with a +0 giant spiked club!!
Ouch! That really hurt!
You die...

...........
........................
........................
.......................
#.....................
#....................
#..h................
#Ohh...............
#@................
##................
##...............
#..............#
##..............#
#............).##
#.............##
#...........###
#...........##


You could see an ogre and 3 jackals.

Vanquished Creatures
  An orc priest (D:3)
  An orc wizard (D:3)
  A worker ant (D:4)
  4 adders
  An ooze (D:1)
  4 worms
  6 dart slugs
  2 leopard geckos (D:3)
  8 orcs
  4 giant cockroaches
  9 goblins
  6 hobgoblins
  4 jackals (D:1)
  11 kobolds
  A quokka (D:2)
  A ball python (D:3)
  4 bats
  3 frilled lizards
  17 rats
88 creatures vanquished.

Notes
Turn   | Place    | Note
-------+----------+-------------------------------------------
     0 | D:1      | Peloso the Minotaur Fighter began the quest for the Orb.
     0 | D:1      | Reached XP level 1. HP: 19/19 MP: 0/0
    99 | D:1      | Reached skill level 4 in Armour
    99 | D:1      | Reached XP level 2. HP: 20/27 MP: 1/1
   325 | D:1      | Reached XP level 3. HP: 33/33 MP: 2/2
   759 | D:2      | Found a shadowy altar of Dithmenos.
   946 | D:2      | Reached XP level 4. HP: 40/40 MP: 3/3
  1116 | D:2      | Found a faded altar of an unknown god.
  1595 | D:3      | Reached XP level 5. HP: 37/47 MP: 4/4
  1756 | D:3      | Found a sparkling altar of Nemelex Xobeh.
  1875 | D:3      | Found a glowing silver altar of Zin.
  2302 | D:4      | Reached skill level 5 in Armour
  2352 | D:4      | Noticed an ogre
  2362 | D:4      | Slain by an ogre

Levels and vault maps discovered:
D:1:      wander_arrival_estate, layout_basic, minmay_rat_gold_closets
D:2:      layout_loops_ring, marbit_many_paths, chequers_ecumenical_altar_island
D:3:      layout_basic, nicolae_overflow_hidden_temple, zin_treasury
D:4:      kennysheep_goblin_castle, layout_cave_pods

Skill      XL: |  1  2  3  4  5 |
---------------+----------------+-----
Armour         | 4 5 |  5.2
Fighting       | 4 |  4.8
Shields        | 4 |  4.8
Long Blades    | 3 4 |  4.2
Dodging        | |  0.6

Action                   |  1- 3 |  4- 6 || total
-------------------------+-------+-------++-------
Melee: Long sword        |    97 |   121 ||   218
       Headbutt          |    19 |    21 ||    40
  Eat: Chunk             |       |     5 ||     5
Armor: Scale mail        |    21 |       ||    21
       Chain mail        |    34 |    67 ||   101
Dodge: Dodged            |    38 |    22 ||    60
Block: Shield            |    64 |    71 ||   135
       Rpst.: Long sword |     9 |     6 ||    15

Table legend:
 A = Non-vault XP
 B = Vault XP
 C = Vault XP percentage of total XP
 D = Non-vault monster count
 E = Vault monster count
 F = Vault count percentage of total count
                 A         B        C        D         E       F
            +---------+---------+-------+---------+---------+-------
      Total |     325 |       9 |   2.7 |      79 |       9 |  10.2
            +---------+---------+-------+---------+---------+-------
        D:1 |      46 |       8 |  14.8 |      23 |       8 |  25.8
        D:2 |      65 |       1 |   1.5 |      23 |       1 |   4.2
        D:3 |     165 |       0 |   0.0 |      30 |       0 |   0.0
        D:4 |      49 |       0 |   0.0 |       3 |       0 |   0.0
            +---------+---------+-------+---------+---------+-------
